 Dungeon Crawl Stone Soup version 0.30-a0-29-g142975f185 (webtiles) character file.

Game seed: 1688672863590175610

2 frimble the Gusty (level 1, 0/13 HPs)
             Began as a Demonspawn Air Elementalist on Aug 26, 2022.
             Slain by a quokka (4 damage)
             ... on level 1 of the Dungeon.
             The game lasted 00:00:11 (43 turns).

frimble the Gusty (Demonspawn Air Elementalist)       Turns: 43, Time: 00:00:11

Health: 0/13       AC:  2    Str:  8    XL:     1   Next: 25%
Magic:  0/3        EV: 12    Int: 16    God:
Gold:   0          SH:  0    Dex: 13    Spells: 3/4 levels left

rFire   . . .      SeeInvis .    (no weapon)
rCold   . . .      Faith    .    (no shield)
rNeg    . . .      Spirit   +    a - +0 robe
rPois   .          Reflect  .    (no helmet)
rElec   .          Harm     .    (no cloak)
rCorr   .          Rampage  .    (no gloves)
Will    .....                    (no boots)
Stlth   ++........               c - amulet of guardian spirit
HPRegen 0.04/turn                (no ring)
MPRegen 0.08/turn                (no ring)

@: no status effects
A: no striking features
a: no special abilities


You were on level 1 of the Dungeon.
You visited 1 branch of the dungeon, and saw 1 of its levels.

Inventory:

Armour
 a - a +0 robe (worn)
Jewellery
 c - an amulet of guardian spirit (around neck)
Scrolls
 d - a scroll of noise {unknown}
Potions
 b - a potion of magic


   Skills:
 + Level 1.8 Dodging
 + Level 1.8 Stealth
 + Level 2.0 Spellcasting
 + Level 1.0 Conjurations
 + Level 2.7 Air Magic


You had 3 spell levels left.
You knew the following spells:

 Your Spells              Type           Power      Damage    Failure   Level
a - Shock                 Conj/Air       28%        1d4       10%         1

Your spell library contained the following spells:

 Spells                   Type           Power      Damage    Failure   Level
 Static Discharge         Conj/Air       14%        3-4/arc   14%         2
 Swiftness                Air            10%        N/A       21%         3
 Airstrike                Air            5%         2d(1-17)  56%         4


Dungeon Overview and Level Annotations

Branches:
Dungeon (1/15)

Altars:

Shops:
D:1 *


Message History

Magic restored.
d - a scroll labelled ISTROR JUASIS A quokka and an endoplasm come into view.
The endoplasm quivers.
There are monsters nearby!
You barely miss the quokka. The quokka closely misses you.
You hit the quokka but do no damage. The quokka closely misses you.
Aiming: Shock (safe; 10% risk of failure)
Press: ? - help, Q - select action Shift-Dir - straight line The zap misses the quokka.
The zap hits the quokka.
The quokka is heavily wounded.
The quokka bites you. The quokka closely misses you.
Aiming: Shock (safe; 10% risk of failure)
Press: ? - help, Q - select action Shift-Dir - straight line, f - quokka
Aim: a quokka (heavily wounded, 56% to hit)
The zap hits the quokka.
The quokka is almost dead.
The zap hits the endoplasm.
The endoplasm is moderately wounded.
The quokka closely misses you.
Aiming: Shock (safe; 10% risk of failure)
Press: ? - help, Q - select action Shift-Dir - straight line, f/p - quokka
Aim: a quokka (almost dead, 56% to hit)
The zap misses the quokka.
The zap hits the endoplasm.
You kill the endoplasm!
The quokka bites you.
You hit the quokka but do no damage.
The quokka is almost dead.
The quokka bites you. x2
You closely miss the quokka. Your punch misses the quokka.
The quokka is almost dead.
The quokka closely misses you.
You barely miss the quokka.
The quokka is almost dead.
The quokka bites you but does no damage.
You closely miss the quokka.
The quokka is almost dead.
The quokka bites you.
You die...

#......<......#
#.#.###.###.#.#
.....#.#... #
#.#.#.#.#.# ..
#.........# #..
###.#.#.### #..##
#.....#
#..$.###.###.#.#..
#........r@.......
##......######....
#................
.....PP..#######...
##....∩... ..
#..#...P.#. ..
#........ . #######
.. ..#


You could see a quokka.

Vanquished Creatures
  An endoplasm (D:1)
  A ball python (D:1)
2 creatures vanquished.

Vanquished Creatures (others)
  2 plants (D:1)
2 creatures vanquished.

Grand Total: 4 creatures vanquished

Notes
Turn   | Place    | Note
-------+----------+-------------------------------------------
     0 | D:1      | frimble the Demonspawn Air Elementalist began the quest for
                  | the Orb.
     0 | D:1      | Reached XP level 1. HP: 13/13 MP: 3/3
     5 | D:1      | Found Itziumeu's Assorted Antiques.
    43 | D:1      | Slain by a quokka

Illustrated notes

Levels and vault maps discovered:
D:1:      roderic_chinese_lattice_arrival, layout_rooms, serial_shops,
          nicolae_shop_overgrown_old_shop

Action                   || total
-------------------------++-------
Melee: Unarmed           ||     6
 Cast: Shock             ||     4
Armor: Robe              ||     1
Dodge: Dodged            ||     5

Table legend: (Time is in decaauts)
 A = Elapsed time spent in this place.
 B = Non-inter-level travel time spent in this place.
 C = Inter-level travel time spent in this place.
 D = Time resting spent in this place.
 E = Time spent auto-exploring this place.
 F = Levels seen in this place.
 G = Mean time per level.
                   A        B        C        D        E       F      G
               +--------+--------+--------+--------+--------+-----+--------+
         Total |     43 |     43 |      0 |      0 |     20 |   1 |   43.0 |
       Dungeon |     43 |     43 |      0 |      0 |     20 |   1 |   43.0 |
               +--------+--------+--------+--------+--------+-----+--------+

Top non-repeatable levels by time:
     D:1: 43 daAuts
